 Dungeon Crawl Stone Soup version 0.22.1-2-g9c5b331383 (webtiles) character file.

129 Jerry the Ducker (level 5, -2/41 HPs)
             Began as a Merfolk Gladiator on Nov 24, 2018.
             Slain by a gnoll
             ... wielding a +0 halberd of freezing
              (11 damage)
             ... on level 3 of the Dungeon.
             The game lasted 00:05:40 (2402 turns).

Jerry the Ducker (Merfolk Gladiator)                Turns: 2402, Time: 00:05:40

Health: -2/41      AC:  5    Str: 14 (15) XL:     5   Next: 12%
Magic:  5/5        EV: 14    Int:  7      God:
Gold:   171        SH:  0    Dex: 15 (16) Spells: 4/4 levels left

rFire    x . .     SeeInvis .   a - +0 long sword
rCold    + . .     Gourm    .   (no shield)
rNeg     . . .     Faith    .   b - +0 leather armour
rPois    .         Spirit   .   c - +0 helmet
rElec    .         Reflect  .   (no cloak)
rCorr    .         Harm     .   (no gloves)
MR       .....                  m - +0 pair of boots
Stlth    +.........             (no amulet)
HPRegen  0.13/turn              p - ring of ice
MPRegen  0.09/turn              (no ring)

@: no status effects
A: change form in water, swift swim, stealthy swim
a: no special abilities


You were on level 3 of the Dungeon.
You were not hungry.

You visited 1 branch of the dungeon, and saw 3 of its levels.

You collected 171 gold pieces.

Inventory:

Hand Weapons
 a - a +0 long sword (weapon)
Missiles
 d - 2 throwing nets (quivered)
Armour
 b - a +0 leather armour (worn)
 c - a +0 helmet (worn)
 m - a +0 pair of boots (worn)
Jewellery
 p - a ring of ice (left hand)
Scrolls
 e - 3 scrolls of identify
 h - a scroll of amnesia {unknown}
 i - a scroll of enchant weapon {unknown}
 k - a scroll of remove curse
Comestibles
 f - 7 rations
 g - 2 chunks of flesh


   Skills:
 + Level 3.1 Fighting
 * Level 4.4 Long Blades
 + Level 2.9 Throwing
 + Level 0.8 Armour
 + Level 4.8 Dodging


You had 4 spell levels left.
You didn't know any spells.
Your spell library was empty.

Dungeon Overview and Level Annotations

Branches:
Dungeon (3/15)

Altars:
Fedhas
Hepliaklqana
Nemelex Xobeh
Sif Muna

Annotations:
D:3 Ijyb, Sigmund


Message History

The orc wizard is moderately wounded.
The orc wizard hits you but does no damage.
The gnoll closely misses you.
You slash the orc wizard!
The orc wizard is almost dead.
The orc wizard hits you but does no damage.
The gnoll barely misses you.
You closely miss the orc wizard.
The orc wizard is almost dead.
The orc wizard hits you with a dagger.
* * * LOW HITPOINT WARNING * * *
The orc wizard misses you. The gnoll barely misses you.
You closely miss the orc wizard.
The orc wizard is almost dead.
The orc wizard hits you but does no damage.
The orc wizard gestures at you while chanting.
The magic dart hits you!
* * * LOW HITPOINT WARNING * * *
The gnoll hits you from afar with a halberd of freezing!
You die...

# #.# #......#
#.#.##.. #....#.####
#.#.##....#
###.#..#o##.#### ..
...............
#.#######.#..#(##.#
...........(....@os###
............######go.#
# #........##.#
#..##.#
#........##.####
##....#
#........'....(#
#..###
#........####### ##.#
#........# ...
#........# ...#
#........# g...#


You could see 2 orc wizards, a gnoll, an orc and a giant cockroach.

Vanquished Creatures
  5 gnolls
  3 adders (D:2)
  An ooze (D:2)
  2 worms (D:2)
  3 leopard geckos (D:2)
  8 bats
  2 giant cockroaches
  3 hobgoblins
  6 kobolds
  7 goblins
  3 rats
43 creatures vanquished.

Notes
Turn   | Place    | Note
-------+----------+-------------------------------------------
     0 | D:1      | Jerry the Merfolk Gladiator began the quest for the Orb.
     0 | D:1      | Reached XP level 1. HP: 16/16 MP: 1/1
   155 | D:1      | Reached XP level 2. HP: 18/23 MP: 2/2
   942 | D:2      | Found a hazy altar of Hepliaklqana.
   942 | D:2      | Found a sparkling altar of Nemelex Xobeh.
   972 | D:2      | Reached XP level 3. HP: 26/28 MP: 3/3
  1683 | D:2      | Reached XP level 4. HP: 5/34 MP: 4/4
  2188 | D:2      | Found a deep blue altar of Sif Muna.
  2238 | D:3      | Noticed Ijyb
  2238 | D:3      | Noticed Sigmund
  2335 | D:3      | Found a blossoming altar of Fedhas.
  2379 | D:3      | Reached XP level 5. HP: 41/41 MP: 5/5
  2402 | D:3      | Slain by a gnoll

Skill      XL: |  1  2  3  4 |
---------------+-------------+-----
Long Blades    | 4 |  4.4
Fighting       | 3 |  3.1
Throwing       | |  2.9
Armour         | |  0.8
Dodging        | |  4.8

Action                   |  1- 3 |  4- 6 || total
-------------------------+-------+-------++-------
Melee: Long sword        |    92 |    46 ||   138
Throw: Throwing net      |     1 |       ||     1
  Use: Potion            |     4 |       ||     4
       Scroll            |       |     4 ||     4
 Stab: Sleeping          |     1 |       ||     1
  Eat: Chunk             |     2 |     3 ||     5
Armor: Leather armour    |    31 |    12 ||    43
Dodge: Dodged            |    85 |    53 ||   138
       Rpst.: Long sword |    22 |    14 ||    36
